 Dungeon Sprint DCSS version 0.29.1-2-gbd0b4ee654 (webtiles) character file.

Game seed: 4522328575237553146

18 Groucho the Sneak (level 2, -2/14 HPs)
             Began as a Spriggan Enchanter on Nov 13, 2022.
             Was an Initiate of Gozag.
             Slain by Sigmund
             ... wielding a +0 scythe
              (8 damage)
             ... in the Dungeon (Sprint VII: "The Pits").
             The game lasted 00:02:21 (1153 turns).

Groucho the Sneak (Spriggan Enchanter)              Turns: 1153, Time: 00:02:22

Health: -2/14      AC:  2    Str:  4    XL:     2   Next: 48%
Magic:  1/7        EV: 17    Int: 16    God:    Gozag
Gold:   198        SH:  0    Dex: 15    Spells: 6/8 levels left

rFire   . . .      SeeInvis +   a - +2 dagger
rCold   . . .      Faith    .   (no shield)
rNeg    . . .      Spirit   .   b - +0 robe
rPois   .          Reflect  .   (helmet restricted)
rElec   .          Harm     .   (no cloak)
rCorr   .          Rampage  .   (gloves unavailable)
Will    .....      NoTele   +   (boots unavailable)
Stlth   +++.......              (no amulet)
HPRegen 0.04/turn               (no ring)
MPRegen 0.10/turn               (no ring)

@: gold aura, very slightly contaminated, very quick
A: very small, no large weapons, unfitting armour, see invisible, speed 3
a: Renounce Religion, Potion Petition, Call Merchant, Bribe Branch


You were in the Dungeon.
You worshipped Gozag.
Gozag was aware of your devotion.
You visited 1 branch You collected 198 gold pieces.

Inventory:

Hand Weapons
 a - a +2 dagger (weapon)
Missiles
 e - 10 stones (quivered)
Armour
 b - a +0 robe (worn)
Scrolls
 i - a scroll of blinking
 j - 5 scrolls of amnesia
 k - a scroll of summoning
Potions
 c - 4 potions of invisibility
 d - a potion of curing
 f - a potion of haste
 g - 4 potions of magic
 h - 2 potions of berserk rage


   Skills:
 * Level 0.8 Fighting
 * Level 1.7 Short Blades
 + Level 3.0 Dodging
 * Level 6.7 Stealth
 + Level 3.7 Spellcasting
 * Level 4.6 Hexes


You had 6 spell levels left.
You knew the following spells:

 Your Spells              Type           Power      Damage    Failure   Level
a - Ensorcelled Hibernat  Hex/Ice        20%        N/A       10%         2

Your spell library contained the following spells:

 Spells                   Type           Power      Damage    Failure   Level
 Confusing Touch          Hex            18%        N/A       8%          3
 Tukima's Dance           Hex            18%        N/A       8%          3
 Dazzling Flash           Conj/Hex       20%        N/A       21%         3


Dungeon Overview and Level Annotations

Branches:
Dungeon (1/1)

Altars:
Ashenzari
Cheibriados
Dithmenos
Elyvilon
Fedhas
Gozag
Hepliaklqana
Kikubaaqudgha
Makhleb
Nemelex Xobeh
Okawaru
Qazlal
Ru
Sif Muna
Trog
Uskayaw
Vehumet
Wu Jian
Xom
Yredelemnul
Zin
The Shining One
Jiyva
Lugonu

Annotations:
D Sigmund


Innate Abilities, Weirdness & Mutations

You are very small and have problems with some larger weapons.
You are too small for most types of armour.
You have supernaturally acute eyesight. (SInv)
You cover ground extremely quickly. (Speed+++)


Message History

You hit the ufetubus.
The ufetubus is heavily wounded.
The ufetubus closely misses you. The ufetubus hits you.
You hit the ufetubus.
You kill the ufetubus!
Your Dodging skill increases to level 3!
Casting: Ensorcelled Hibernation (safe; 10% risk of failure)
Confirm with . or Enter, or press ? or * to list all spells.
Aiming: Ensorcelled Hibernation (safe; 10% risk of failure)
Press: ? - help, Shift-Dir - straight line, f - kobold
Aim: a kobold, wielding a +0 dagger (chance to affect: 62%)
The kobold looks drowsy...
The helpless kobold fails to defend itself.
You impale the kobold!!
You kill the kobold!
Sigmund flickers, as though insubstantial.
Sigmund casts a spell.
Sigmund flickers and vanishes for a moment.
Casting: Ensorcelled Hibernation (safe; 10% risk of failure)
Confirm with . or Enter, or press ? or * to list all spells.
Aiming: Ensorcelled Hibernation (safe; 10% risk of failure)
Press: ? - help, Shift-Dir - straight line, f - frilled lizard
Aim: a frilled lizard (chance to affect: 62%)
You miscast Ensorcelled Hibernation.
You are very lightly contaminated with residual magic.
Nothing appears to happen.
The frilled lizard bites you.
There is an open door to the Storerooms (Easy), spattered with blood here.
Casting: Ensorcelled Hibernation (safe; 10% risk of failure)
Confirm with . or Enter, or press ? or * to list all spells.
Aiming: Ensorcelled Hibernation (safe; 10% risk of failure)
Press: ? - help, Shift-Dir - straight line, f/p - frilled lizard
Aim: a frilled lizard (chance to affect: 62%)
The frilled lizard looks drowsy...
The helpless frilled lizard fails to defend itself.
You impale the frilled lizard!!
You kill the frilled lizard!
Sigmund hits you from afar with a +0 scythe!
Ouch! That really hurt!
You die...
Your body crumbles into a pile of gold.

############
#_________.#
#_________.#
#_______...###########++
##########'##...........
#.?..')))).##......#..#
##########.##..........
#.......$.@$@...........
+#####'#####......#..#.
#.....# #...........
#.....# ####'#####+
###'### #.......#
#.l.).# #.......#
#.....# #.......#
####l## #...<...# ....
#.......#


You could see Sigmund (invisible).

Vanquished Creatures
  An ufetubus (D)
  2 orcs (D)
  4 jackals (D)
  A kobold (D)
  2 ball pythons (D)
  A frilled lizard (D)
11 creatures vanquished.

Notes
Turn   | Place    | Note
-------+----------+-------------------------------------------
     0 | D        | Groucho the Spriggan Enchanter began the quest for the Orb.
     0 | D        | Reached XP level 1. HP: 9/9 MP: 5/5
    17 | D        | Reached skill level 5 in Stealth
   570 | D        | Found a bloodstained altar of Trog.
   570 | D        | Found a shimmering blue altar of Sif Muna.
   570 | D        | Found a viscous altar of Jiyva.
   570 | D        | Found a hazy altar of Hepliaklqana.
   570 | D        | Found an opulent altar of Gozag.
   571 | D        | Found a glowing golden altar of the Shining One.
   571 | D        | Found a glowing silver altar of Zin.
   571 | D        | Found a basalt altar of Yredelemnul.
   571 | D        | Found a shimmering altar of Xom.
   571 | D        | Found an ornate altar of the Wu Jian Council.
   571 | D        | Found a sacrificial altar of Ru.
   571 | D        | Found a stormy altar of Qazlal.
   571 | D        | Found an iron altar of Okawaru.
   571 | D        | Found a sparkling altar of Nemelex Xobeh.
   571 | D        | Found a burning altar of Makhleb.
   571 | D        | Found a blossoming altar of Fedhas.
   571 | D        | Found a white marble altar of Elyvilon.
   571 | D        | Found a shadowy altar of Dithmenos.
   571 | D        | Found a snail-covered altar of Cheibriados.
   573 | D        | Found a radiant altar of Vehumet.
   573 | D        | Found a corrupted altar of Lugonu.
   574 | D        | Found a hide-covered altar of Uskayaw.
   574 | D        | Found an ancient bone altar of Kikubaaqudgha.
   574 | D        | Found a broken altar of Ashenzari.
   592 | D        | Became a worshipper of Gozag Ym Sagoz the Greedy
   614 | D        | Reached skill level 6 in Stealth
   615 | D        | Reached XP level 2. HP: 13/13 MP: 5/7
   874 | D        | Learned a level 2 spell: Ensorcelled Hibernation
  1131 | D        | Noticed Sigmund
  1153 | D        | Slain by Sigmund

Illustrated notes

Levels and vault maps discovered:
D:        pitsprint [storerooms_1, entrance_room_1, metal_vault_5, armoury_3,
          mini_pit_1, grid_room_1, main_hall_1, silver_pit, the_coven_3,
          the_vestibule_1, steel_vault_2, golden_pit, hallway_of_sentries,
          crystal_vault_4, iron_vault_3, final_vault]

Skill      XL: |  1  2 |
---------------+-------+-----
Stealth        | 6 |  6.7
Spellcasting   | 3 |  3.7
Hexes          | 4 |  4.6
Dodging        | 3 |  3.0
Fighting       | |  0.8
Short Blades   | |  1.7

Action                   || total
-------------------------++-------
Melee: Dagger            ||    41
 Cast: Ensorcelled Hiber ||     5
  Use: Potion            ||     2
 Stab: Sleeping          ||     4
Armor: Robe              ||     6
Dodge: Dodged            ||    40
